 Dungeon Sprint DCSS version 0.19.1-1-g22dce08 (webtiles) character file.

7 lorenzova the Conjurer (level 1, -6/10 HPs)
             Began as a Deep Elf Conjurer on Jan 3, 2017.
             Was an Initiate of Vehumet.
             Mangled by a gnoll (7 damage)
             ... in the Dungeon (Sprint VII: "The Pits").
             The game lasted 00:01:06 (151 turns).

lorenzova the Conjurer (Deep Elf Conjurer)           Turns: 151, Time: 00:01:07

Health: -6/10      AC:  2    Str:  5    XL:     1   Next: 91%
Magic:  4/8        EV: 13    Int: 19    God:    Vehumet [......]
Gold:   0          SH:  0    Dex: 15    Spells: 1 memorised, 8 levels left

rFire  . . .     SeeInvis .     j - +2 trident
rCold  . . .     Gourm    .     a - +0 robe
rNeg   . . .     Faith    .     (no shield)
rPois  .         Spirit   .     (no helmet)
rElec  .         Reflect  .     (no cloak)
rCorr  .         Harm     .     (no gloves)
MR     .....     NoTele   +     (no boots)
Stlth  ++........               (no amulet)
                                (no ring)
                                (no ring)

@: no status effects
A: no striking features
a: Renounce Religion


You were in the Dungeon.
You worshipped Vehumet.
Vehumet was noncommittal.
You were not hungry.

You visited 1 branch

Inventory:

Hand Weapons
 j - a +2 trident (weapon)
Armour
 a - a +0 robe (worn)
Scrolls
 i - a scroll of blinking
 l - 3 scrolls of remove curse
 m - 5 scrolls of amnesia
 n - a scroll of summoning
Potions
 d - a potion of curing
 e - a potion of heal wounds
 f - a potion of haste
 g - 4 potions of magic
 h - 3 potions of berserk rage
 k - 2 potions of invisibility
Books
 b - a book of Conjurations

   Spells                             Type                      Level
   a - Magic Dart                     Conjuration                  1
   b - Searing Ray                    Conjuration                  2
   c - Dazzling Spray                 Conjuration/Hexes            3
   d - Fulminant Prism                Conjuration/Hexes            4
   e - Iskenderun's Mystic Blast      Conjuration                  4
   f - Iskenderun's Battlesphere      Conjuration/Charms           5
Comestibles
 c - 8 bread rations
 o - 40 fruits
 p - 7 meat rations


   Skills:
 - Level 2.4 Dodging
 - Level 2.4 Stealth
 + Level 4.6 Spellcasting
 + Level 5.4 Conjurations


You had 8 spell levels left.
You knew the following spells:

 Your Spells              Type           Power        Failure   Level  Hunger
a - Magic Dart            Conj           ###.         1%          1    None


Dungeon Overview and Level Annotations

Branches:
Dungeon (1/1)

Altars:
Ashenzari
Cheibriados
Dithmenos
Elyvilon
Fedhas
Gozag
Hepliaklqana
Kikubaaqudgha
Makhleb
Nemelex Xobeh
Okawaru
Qazlal
Ru
Sif Muna
Trog
Uskayaw
Vehumet
Xom
Yredelemnul
Zin
The Shining One
Beogh
Jiyva
Lugonu


Message History

Press: ? - help, Shift-Dir - straight line, f - jackal
Aim: a jackal (heavily wounded)
The magic dart hits the jackal.
You kill the jackal!
Vehumet accepts your kill.
Casting: Magic Dart
Confirm with . or Enter, or press ? or * to list all spells.
Aiming: Magic Dart
Press: ? - help, Shift-Dir - straight line, f - gnoll
Aim: a gnoll The magic dart hits the gnoll.
The gnoll is heavily wounded.
You hit the gnoll.
The gnoll is severely wounded.
The gnoll hits you.
Ouch! That really hurt!
* * * LOW HITPOINT WARNING * * *
The gnoll hits you!
Ouch! That really hurt!
You die...

############ #__________#
#__________#
#____#####'###########++##
######)).#.##.............
#.?(.')))'.##......#..#...
##########.##.............
#.......g@..'.............
#+#####'#####......#..#...
...# #............. .....#
####'#####++## ###+###
#.......# #.......#
#.......# #...<...#
#.......#


You could see a gnoll.

Vanquished Creatures
  An ooze (D)
  2 jackals (D)
3 creatures vanquished.

Notes
Turn   | Place    | Note
-------+----------+-------------------------------------------
     0 | D        | lorenzova the Deep Elf Conjurer began the quest for the Orb.
     0 | D        | Reached XP level 1. HP: 10/10 MP: 6/6
    22 | D        | Reached skill level 5 in Conjurations
   122 | D        | Found a radiant altar of Vehumet.
   122 | D        | Found a hide-covered altar of Uskayaw.
   122 | D        | Found an ancient bone altar of Kikubaaqudgha.
   122 | D        | Found a viscous altar of Jiyva.
   122 | D        | Found a hazy altar of Hepliaklqana.
   123 | D        | Found a bloodstained altar of Trog.
   123 | D        | Found a deep blue altar of Sif Muna.
   123 | D        | Found a sacrificial altar of Ru.
   123 | D        | Found a stormy altar of Qazlal.
   123 | D        | Found an iron altar of Okawaru.
   123 | D        | Found a sparkling altar of Nemelex Xobeh.
   123 | D        | Found an opulent altar of Gozag.
   123 | D        | Found a blossoming altar of Fedhas.
   123 | D        | Found a white marble altar of Elyvilon.
   123 | D        | Found a shadowy altar of Dithmenos.
   123 | D        | Found a snail-covered altar of Cheibriados.
   124 | D        | Found a glowing golden altar of the Shining One.
   124 | D        | Found a glowing silver altar of Zin.
   125 | D        | Became a worshipper of Vehumet
   126 | D        | Found a burning altar of Makhleb.
   126 | D        | Found a basalt altar of Yredelemnul.
   126 | D        | Found a roughly hewn altar of Beogh.
   127 | D        | Found a corrupted altar of Lugonu.
   127 | D        | Found a shimmering altar of Xom.
   127 | D        | Found a shattered altar of Ashenzari.
   151 | D        | Mangled by a gnoll

Skill      XL: |  1 |
---------------+----+-----
Spellcasting   | 4 |  4.6
Conjurations   | 5 |  5.4
Dodging        | |  2.4
Stealth        | |  2.4

Action                   || total
-------------------------++-------
Melee: Trident           ||     3
 Cast: Magic Dart        ||     8
Armor: Robe              ||     1
Dodge: Dodged            ||     5
